cohdb
Replays
Latest Replays
All Replays
Popular Replays
Top Player Replays
Match Explorer
How It Works
Community
CoH3 Stats
Reddit
Sign in to upload your games and track your stats! →
Sign in with Steam
Match 24611331
Unlisted
Match 24611331
Overview
Messages
Build Orders
End
Vickers Machine Gun Team
Construct Section Command Post
Selects Air and Sea Battlegroup
Infantry Section
Infantry Section
Grenade Package
ML 3-inch Mortar Team
Construct Platoon Command Post
Selects Commando Section Paradrop
Unlock M3 Stuart Light Tanks
CMP 15cwt Truck
M3 Stuart Light Tank
Commando Section Paradrop
Selects M1 Pack Howitzer Paradrop
M1 Pack Howitzer Paradrop
6-pounder Anti-tank Gun Team
Selects Incendiary Bombing Run
Construct Company Command Post
Incendiary Bombing Run
Matilda II Heavy Tank
Incendiary Bombing Run
gb_gbg
SneaKerz
CreamAbdulJBarr
RV
0
0
Comments
sign in to comment!
No comments posted yet!